Map: Pillars of Gold LE

Players

Reynor - Winner!

  • Race: Zerg Zerg
  • Spawn Location: 1:00

Serral

  • Race: Zerg Zerg
  • Spawn Location: 7:00

Event: StayAtHomestory Cup #2

VOD

Have the link to the VOD?

Description

Time

  • Played on: June 12, 2020, 1:17 p.m.
  • Length: 8:54

All games in this series

Show
View Real Time Build Order
Export as new Build Order

Reynor Zerg - Winner!

Build Orders: Hatch First, Muta Ling Bane 

Get SALT Encoding   

  12  0:00  Drone  
  13  0:12  Overlord  
  13  0:17  Drone  
  14  0:30  Drone x2  
  16  0:49  Hatchery  
  15  0:52  Drone  
  15  0:56  Drone  
  17  0:59  Drone  
  18  1:09  Extractor  
  17  1:15  Spawning Pool  
  16  1:18  Drone  
  16  1:22  Drone  
  18  1:28  Drone  
  19  1:39  Drone  
  20  1:49  Drone  
  21  1:59  Overlord  
  21  2:02  Queen x2, Zergling x2  
  26  2:11  Drone  
  26  2:12  Drone  
  26  2:13  Metabolic Boost  
  28  2:21  Drone  
  30  2:22  Drone  
  30  2:37  Hatchery  
  30  2:39  Drone  
  30  2:42  Drone  
  31  2:44  Drone  
  31  2:48  Drone  
  33  2:55  Zergling x2, Baneling Nest  
  33  2:59  Overlord  
  33  3:05  Drone  
  34  3:07  Drone  
  35  3:13  Drone  
  35  3:17  Drone  
  35  3:18  Drone x3  
  35  3:19  Overlord  
  40  3:23  Evolution Chamber  
  40  3:25  Drone  
  40  3:30  Queen  
  40  3:32  Zergling x2  
  43  3:35  Zergling x2  
  43  3:38  Drone  
  45  3:43  Overlord  
  45  3:49  Zerg Melee Weapons Level 1  
  45  3:52  Zergling x4  
  45  3:54  Drone x3  
  49  3:57  Drone x2  
  49  3:58  Drone  
  49  4:02  Drone x2  
  54  4:05  Drone  
  55  4:10  Lair  
  55  4:13  Extractor, Zergling x2  
  55  4:15  Extractor, Zergling x4  
  56  4:17  Drone  
  56  4:20  Overlord  
  56  4:22  Drone x2  
  59  4:27  Drone  
  59  4:30  Drone  
  61  4:33  Overlord  
  61  4:34  Drone  
  61  4:38  Extractor  
  60  4:39  Drone  
  60  4:40  Drone x2  
  60  4:41  Drone  
  60  4:44  Drone  
  65  4:47  Zergling x2  
  65  4:50  Drone  
  65  4:51  Drone x2, Overlord  
  65  4:52  Zergling x4  
  71  4:54  Extractor, Zergling x2  
  71  4:56  Extractor  
  71  4:58  Zergling x4  
  72  5:04  Zergling x2  
  73  5:10  Spire  
  73  5:11  Zergling x10  
  77  5:15  Baneling  
  77  5:16  Baneling x3  
  77  5:18  Zergling x4  
  77  5:20  Zergling x4  
  81  5:22  Zergling x2  
  81  5:24  Zergling x2  
  81  5:27  Overlord  
  83  5:30  Drone x2  
  83  5:32  Drone  
  83  5:34  Drone  
  87  5:37  Drone x2  
  87  5:42  Overlord  
  79  6:00  Drone x2  
  79  6:01  Drone x2  
  81  6:04  Drone x3  
  81  6:22  Mutalisk x8  
  97  6:27  Zerg Flyer Weapons Level 1  
  97  6:28  Overlord  
  97  6:30  Mutalisk  
  97  6:32  Mutalisk  
  99  6:34  Mutalisk  
  99  6:37  Mutalisk  
  106  6:40  Drone  
  106  6:42  Hatchery  
  106  6:43  Drone  
  106  6:46  Overlord  
  106  6:48  Drone  
  106  6:52  Centrifical Hooks  
  106  6:56  Mutalisk  
  108  7:02  Drone x5  
  108  7:04  Overlord  
  108  7:07  Mutalisk x2  
  117  7:09  Drone x3  
  117  7:14  Drone, Overlord  
  121  7:21  Mutalisk x2  
  125  7:30  Mutalisk  
  125  7:33  Drone x3  
  125  7:34  Extractor, Drone  
  125  7:36  Extractor  
  129  7:38  Overlord  
  129  7:39  Mutalisk x2  
  133  7:45  Hatchery  
  133  7:48  Mutalisk  
  131  7:53  Zergling x16  
  137  8:00  Queen  
  137  8:01  Mutalisk x2  
  137  8:05  Mutalisk  
  143  8:10  Zergling x8  
  143  8:11  Zergling x2  
  148  8:12  Overlord  
  148  8:19  Mutalisk x3  
  150  8:23  Drone  
  151  8:27  Overlord  
  151  8:29  Baneling x11  
  151  8:33  Zergling x14  
  158  8:37  Zergling x2  
Show
View Real Time Build Order
Export as new Build Order

Serral Zerg 

Build Orders: Hatch First 

Get SALT Encoding   

  12  0:00  Drone  
  13  0:12  Overlord  
  13  0:17  Drone  
  14  0:31  Drone x2  
  16  0:50  Hatchery  
  16  0:53  Drone  
  16  0:57  Drone  
  16  1:00  Drone  
  18  1:10  Extractor  
  17  1:16  Spawning Pool  
  16  1:20  Drone  
  16  1:23  Drone  
  18  1:28  Drone  
  19  1:38  Drone  
  20  1:49  Drone  
  21  1:59  Overlord  
  21  2:02  Queen x2  
  21  2:04  Zergling x2  
  26  2:11  Metabolic Boost  
  26  2:13  Drone  
  27  2:16  Drone  
  29  2:22  Drone  
  29  2:24  Drone  
  30  2:38  Hatchery  
  30  2:41  Zergling x2  
  30  2:44  Drone  
  31  2:52  Drone, Baneling Nest  
  31  2:55  Overlord  
  31  2:58  Drone  
  32  3:01  Drone  
  33  3:07  Zergling x2  
  33  3:08  Drone  
  33  3:11  Drone  
  36  3:14  Drone x2  
  36  3:15  Drone  
  36  3:18  Drone  
  40  3:22  Overlord  
  40  3:27  Zergling x2  
  40  3:28  Zergling x2  
  40  3:31  Evolution Chamber  
  41  3:35  Drone  
  41  3:38  Queen  
  41  3:41  Drone  
  45  3:43  Drone  
  45  3:44  Drone  
  45  3:46  Drone  
  48  3:49  Drone x2  
  48  3:51  Drone  
  48  3:54  Overlord  
  51  3:56  Baneling  
  51  4:00  Zerg Missile Weapons Level 1  
  51  4:01  Drone  
  51  4:05  Drone, Zergling x2  
  51  4:08  Drone  
  54  4:10  Drone x2  
  54  4:15  Baneling  
  56  4:19  Drone  
  56  4:20  Drone  
  56  4:21  Drone, Lair  
  56  4:22  Drone  
  56  4:23  Drone  
  56  4:24  Drone  
  62  4:28  Roach Warren  
  61  4:33  Zergling x2  
  61  4:34  Drone  
  61  4:35  Drone  
  61  4:36  Extractor  
  61  4:37  Extractor  
  61  4:38  Extractor  
  61  4:41  Drone  
  61  4:46  Drone x2  
  61  4:47  Drone x2  
  61  4:48  Drone  
  61  4:49  Overlord  
  61  4:50  Overlord  
  66  4:53  Overlord  
  66  5:01  Extractor, Overlord  
  66  5:02  Extractor, Drone x2  
  66  5:05  Overlord  
  66  5:08  Drone x4  
  66  5:13  Drone  
  70  5:16  Drone  
  70  5:17  Drone x2  
  70  5:20  Drone x3, Spire  
  75  5:24  Glial Reconstitution  
  75  5:25  Drone x2  
  75  5:28  Drone  
  78  5:29  Overlord  
  78  5:33  Baneling  
  78  5:35  Roach x2  
  82  5:38  Roach  
  82  5:39  Roach  
  82  5:42  Baneling  
  83  5:50  Roach x4  
  92  5:57  Roach x4  
  92  6:01  Overlord  
  98  6:05  Overlord  
  94  6:19  Hatchery, Spore Crawler  
  94  6:20  Spore Crawler  
  91  6:27  Queen  
  91  6:29  Queen  
  95  6:34  Zerg Flyer Armor Level 1  
  95  6:35  Spore Crawler  
  94  6:40  Corruptor  
  94  6:41  Corruptor  
  98  6:48  Corruptor x2  
  98  6:53  Overlord  
  102  7:00  Corruptor, Spore Crawler  
  103  7:04  Overlord  
  103  7:12  Drone  
  104  7:17  Corruptor  
  104  7:22  Overlord x3  
  106  7:27  Overlord  
  106  7:38  Hatchery  
  106  7:39  Drone x3  
  106  7:40  Corruptor  
  106  7:43  Spore Crawler  
  109  7:50  Corruptor  
  109  7:55  Drone x4  
  109  7:56  Extractor  
  109  7:57  Hatchery  
  111  8:05  Corruptor x3  
  111  8:11  Corruptor  
  117  8:17  Queen  
  117  8:18  Overlord  
  115  8:20  Overlord  
  117  8:28  Roach x3  
  117  8:32  Drone  
  124  8:37  Spore Crawler  
Tags
 
Add a new tag
Caveats
  • Supply blocks, unpowered buildings, or Contaminate may cause inaccurate times.
  • Supply counts are checked every 10 seconds.